 Dungeon Crawl Stone Soup version 0.25-a0-589-g1e14c549ee (webtiles) character file.

Game seed: 4140564006778273125, levelgen mode: deterministic

414 vurker the Gusty (level 6, 3/27 HPs)
             Began as a Felid Air Elementalist on Mar 11, 2020.
             Quit the game on level 5 of the Dungeon.
             The game lasted 00:10:51 (5787 turns).

vurker the Gusty (Felid Air Elementalist)           Turns: 5787, Time: 00:10:52

Health: 3/27       AC:  2    Str:  4    XL:     6   Next: 60%
Magic:  2/13       EV: 18    Int: 19    God:
Gold:   171        SH:  0    Dex: 16    Spells: 3/13 levels left
                                        Lives:  1   Deaths: 0

rFire    . . .     SeeInvis +   (weapon unavailable)
rCold    . . .     Gourm    .   (shield unavailable)
rNeg     . . .     Faith    .   (armour unavailable)
rPois    .         Spirit   .   (helmet unavailable)
rElec    .         Reflect  .   (cloak unavailable)
rCorr    .         Harm     .   (gloves unavailable)
MR       .....                  (boots unavailable)
Stlth    +++.......             (no amulet)
HPRegen  0.09/turn              (no ring)
MPRegen  0.13/turn              (no ring)

@: quick
A: very small, no armour, no weapons or thrown items, stealth, claws 1, fangs 3,
see invisible, carnivore, speed 1, shaggy fur 2, slow metabolism 1, sharp paws
a: no special abilities


You were on level 5 of the Dungeon.
You were very full.

You visited 1 branch of the dungeon, and saw 5 of its levels.

You collected 171 gold pieces.

Inventory:

Scrolls
 a - a scroll of teleportation {unknown}
 b - a scroll of amnesia {unknown}
 f - 2 scrolls of enchant weapon
 g - a scroll of immolation
 p - 2 scrolls of remove curse
Potions
 d - 3 potions of flight
 h - a potion of haste {unknown}
 i - 2 potions of magic
 j - 2 potions of heal wounds
 l - 2 potions of curing {unknown}
 m - 2 potions of brilliance {unknown}
 n - 3 potions of lignification {unknown}
 o - a potion of degeneration {unknown}
 q - a potion of invisibility {unknown}
Comestibles
 e - 9 rations


   Skills:
 + Level 2.3 Fighting
 - Level 2.6 Dodging
 - Level 2.6 Stealth
 * Level 4.1 Spellcasting
 + Level 2.6 Conjurations
 * Level 4.4 Air Magic


You had 3 spell levels left.
You knew the following spells:

 Your Spells              Type           Power        Failure   Level  Hunger
a - Shock                 Conj/Air       ###.         3%          1    None
b - Lightning Bolt        Conj/Air       ###.......   65%         5    ######.
c - Airstrike             Air            ###.......   22%         4    ####...

Your spell library contained the following spells:

 Spells                   Type           Power        Failure   Level  Hunger
 Swiftness                Chrm/Air       ##......     9%          2    ##.....
 Static Discharge         Conj/Air       ###.....     10%         3    ###....


Dungeon Overview and Level Annotations

Branches:
Dungeon (5/15)             Temple (0/1) D:5

Altars:
Okawaru
Qazlal
The Shining One

Annotations:
D:4 2 runed translucent doors, Robin; airwow's ghost, amateur HuIE


Innate Abilities, Weirdness & Mutations

You cannot wear armour.
You are incapable of wielding weapons or throwing items.
Your paws allow you to move quietly. (Stealth)
You have sharp claws.
You have razor-sharp teeth.
You have supernaturally acute eyesight. (SInv)
You are carnivorous and can eat meat at any time.
You cover ground quickly.
You are covered in thick fur. (AC +2)
You have a slow metabolism.
Your sharp claws are effective at attacking unaware monsters.


Message History

The zap hits the orc wizard.
Aim: an orc wizard, wielding a -3 dagger and wearing a +0 robe (moderately wounded)
The zap hits the orc wizard.
Aim: an orc wizard, wielding a -3 dagger and wearing a +0 robe (severely wounded)
The zap hits the orc wizard.
The orc wizard completely misses you.
Aim: an orc wizard, wielding a -3 dagger and wearing a +0 robe (almost dead)
The zap misses the orc wizard.
Robin shouts!
You hear a shout!
The orc wizard barely misses you.
Robin roars a battlecry!
You hear a shout!
Aim: an orc wizard, wielding a -3 dagger and wearing a +0 robe (almost dead)
The zap misses the orc wizard.
The orc wizard points at you and mumbles some strange words.
The puff of flame hits you!
* * * LOW HITPOINT WARNING * * *
Aim: an orc wizard, wielding a -3 dagger and wearing a +0 robe (almost dead)
The air twists around and strikes the orc wizard!
You kill the orc wizard!
A goblin comes into view. It is wielding a +0 club.
Found a twisted falchion.
Found a stone staircase leading down.
Found a weird runed staff.
Robin throws the goblin at you!
Unknown command.
An adder comes into view.
The goblin completely misses you.
There is a stone staircase leading down here.
You climb downwards.
A worker ant, 3 orcs and 2 orc priests come into view.
An orc priest is wielding a +0 hand axe and wearing a +2 leather armour of fire resistance.
The worker ant twitches its antennae in your direction.
The orc shouts!
There is a stone staircase leading up here.
As you read the scroll labeled EZA LEJIPA, it crumbles to dust.
It is a scroll of enchant weapon.
You aren't carrying any weapons that can be enchanted.
As you read the scroll labeled ZOUSALUOGI, it crumbles to dust.
You feel blessed for a moment.
It was a scroll of remove curse.
The worker ant closely misses you.
Okay, then.
As you read the scroll labeled ODED QEOLEXT, it crumbles to dust.
The creatures around you are filled with an inner flame!
It was a scroll of immolation.
The orc priest shouts!
The worker ant closely misses you. The orc completely misses you.
As you read the scroll labeled ZYADI DIUPEMITAIMM, it crumbles to dust.
You feel aware of your surroundings.
You sensed 5 altars.
It was a scroll of magic mapping.
The worker ant bites you.
* * * LOW HITPOINT WARNING * * *
Unknown command.

***** *,,,***,,,,,,,,
**** *,,,**,,,****,* *,,*
*,,,**,,,,,,,,, *,**
*,,,,,,,,**,,,,
*,*********###,.,,,*,,,,,
*,,,,,,,,,.....#,,,,+,,_,
*,,****###.#....,,,,*,,,,
*,,* #.o....#**,,**,,,,
**** #@a.o.o# *,,*,*,+*
#.o.o..# *,,*,**,*
######## *,,,,,,,,
*,,,,,,,, *********


You could see a worker ant (inner flame), 2 orc priests and 3 orcs.

Vanquished Creatures
  An ogre (D:4)
  An orc priest (D:4)
  Terence (D:2)
  Ijyb (D:3)
  3 orc wizards
  A gnoll (D:1)
  4 adders
  An ooze (D:2)
  An adder skeleton (D:4)
  5 worms
  A dart slug (D:2)
  11 orcs
  3 giant cockroaches
  20 goblins
  2 hobgoblins
  14 jackals
  6 kobolds
  A quokka (D:2)
  6 bats
  3 frilled lizards
  A leopard gecko skeleton (D:4)
  8 rats
95 creatures vanquished.

Notes
Turn   | Place    | Note
-------+----------+-------------------------------------------
     0 | D:1      | vurker the Felid Air Elementalist began the quest for the
                  | Orb.
     0 | D:1      | Reached XP level 1. HP: 7/7 MP: 4/4
    57 | D:1      | Reached skill level 1 in Conjurations
    57 | D:1      | Reached XP level 2. HP: 1/12 MP: 3/6
  1339 | D:2      | Reached XP level 3. HP: 15/15 MP: 1/7
  1433 | D:2      | Reached skill level 1 in Fighting
  2122 | D:2      | Noticed Terence
  2149 | D:2      | Reached XP level 4. HP: 19/19 MP: 6/9
  2155 | D:2      | Killed Terence
  2675 | D:3      | Found a stormy altar of Qazlal.
  2996 | D:3      | Noticed Ijyb
  3100 | D:3      | Killed Ijyb
  3100 | D:3      | Reached XP level 5. HP: 12/22 MP: 1/10
  3495 | D:2      | Learned a level 5 spell: Lightning Bolt
  3500 | D:2      | Learned a level 4 spell: Airstrike
  4126 | D:3      | Found a glowing golden altar of the Shining One.
  4128 | D:3      | Found an iron altar of Okawaru.
  4276 | D:3      | HP: 1/22 [orc wizard/magic dart (7)]
  5320 | D:4      | Noticed an ogre
  5336 | D:4      | Killed an ogre
  5336 | D:4      | Gained mutation: You are covered in thick fur. (AC +2)
                  | [Felid growth]
  5336 | D:4      | Reached XP level 6. HP: 26/26 MP: 2/12
  5336 | D:4      | Noticed Robin
  5718 | D:4      | Found a large runed translucent door.
  5718 | D:4      | Found a large runed translucent door.
  5724 | D:4      | Noticed airwow's ghost (amateur HuIE)
  5782 | D:5      | Entered Level 5 of the Dungeon
  5787 | D:5      | Quit the game

Levels and vault maps discovered:
D:1:      dpeg_arrival_simpleton_a, layout_basic
D:2:      layout_loops_ring, uniq_terence
D:3:      kennysheep_goblin_castle, layout_loops_corners,
          nicolae_overflow_hidden_temple, nicolae_qazlal_eye_of_the_storm
D:4:      layout_basic, ebering_ghost_disaster_area, first_ration, uniq_robin,
          uniq_eustachio, uniq_ijyb, uniq_crazy_yiuf_cottage
D:5:      layout_rooms, tgw_fedhas, nicolae_overflow_crystal_walls,
          elyvilon_altar_4, zin_treasury, minmay_temple_entry_trees,
          nicolae_tso_besieged_by_evil, uniq_prince_ribbit1, uniq_blork_the_orc,
          uniq_grinder

Skill      XL: |  1  2  3  4  5  6 |
---------------+-------------------+-----
Conjurations   | 1 2 |  2.6
Air Magic      | 3 4 |  4.4
Fighting       | 1 2 |  2.3
Spellcasting   | 3 4 |  4.1
Dodging        | |  2.6
Stealth        | |  2.6

Action                   |  1- 3 |  4- 6 || total
-------------------------+-------+-------++-------
Melee: Unarmed           |     1 |    58 ||    59
       Bite              |       |     2 ||     2
 Cast: Shock             |    73 |   178 ||   251
       Airstrike         |       |     3 ||     3
  Use: Scroll            |       |     8 ||     8
  Eat: Chunk             |    10 |     7 ||    17
Armor: Skin              |       |    20 ||    20
Dodge: Dodged            |    20 |    79 ||    99

Table legend:
 A = Non-vault XP
 B = Vault XP
 C = Vault XP percentage of total XP
 D = Non-vault monster count
 E = Vault monster count
 F = Vault count percentage of total count
                 A         B        C        D         E       F
            +---------+---------+-------+---------+---------+-------
      Total |     492 |     100 |  16.9 |      79 |      16 |  16.8
            +---------+---------+-------+---------+---------+-------
        D:1 |      32 |       0 |   0.0 |      14 |       0 |   0.0
        D:2 |      72 |      38 |  34.5 |      24 |       1 |   4.0
        D:3 |     125 |      56 |  30.9 |      28 |      12 |  30.0
        D:4 |     263 |       6 |   2.2 |      13 |       3 |  18.8
            +---------+---------+-------+---------+---------+-------
